 Dungeon Crawl Stone Soup version 0.29.1-15-g9cfb28693d (webtiles) character file.

Game seed: 2115425332247122332

328 Dillmonsterx101 the Chopper (level 6, -5/53 HPs)
             Began as a Minotaur Fighter on Mar 20, 2023.
             Killed by nerve-wracking pain
             ... invoked by Grinder
              (11 damage)
             ... on level 4 of the Dungeon.
             The game lasted 00:09:18 (3150 turns).

Dillmonsterx101 the Chopper (Minotaur Fighter)      Turns: 3150, Time: 00:09:18

Health: -5/53      AC:  8    Str: 23    XL:     6   Next: 25%
Magic:  5/5        EV:  9    Int:  5    God:
Gold:   147        SH:  4    Dex:  9    Spells: 5/5 levels left

rFire   . . .      SeeInvis .   a - +0 war axe
rCold   . . .      Faith    .   c - +0 buckler
rNeg    . . .      Spirit   .   b - +0 scale mail
rPois   .          Reflect  .   (helmet restricted)
rElec   .          Harm     .   (no cloak)
rCorr   .          Rampage  .   (no gloves)
Will    .....                   f - +0 pair of boots
Stlth   ..........              (no amulet)
HPRegen 0.17/turn               (no ring)
MPRegen 0.09/turn               (no ring)

@: weakened
A: horns 2, retaliatory headbutt
a: no special abilities


You were on level 4 of the Dungeon.
You visited 1 branch of the dungeon, and saw 4 of its levels.

You collected 147 gold pieces.

Inventory:

Hand Weapons
 a - a +0 war axe (weapon)
 t - a +1 dagger of venom
Armour
 b - a +0 scale mail (worn)
 c - a +0 buckler (worn)
 f - a +0 pair of boots (worn)
Magical Staves
 i - a staff of poison
Scrolls
 e - 2 scrolls of butterflies {unknown}
 g - 3 scrolls of identify {unknown}
 h - a scroll of amnesia {unknown}
 j - 2 scrolls of brand weapon {unknown}
 k - a scroll of fear {unknown}
 m - 2 scrolls of poison {unknown}
 n - 3 scrolls of immolation {unknown}
 o - 2 scrolls of magic mapping {unknown}
 r - a scroll of summoning {unknown}
 s - a scroll of teleportation {unknown}
Potions
 d - 3 potions of might
 l - 2 potions of cancellation


   Skills:
 + Level 4.4 Fighting
 + Level 5.7 Axes
 + Level 5.2 Armour
 + Level 1.2 Dodging
 + Level 0.2 Stealth
 + Level 4.4 Shields


You had 5 spell levels left.
You didn't know any spells.
Your spell library contained the following spells:

 Spells                   Type           Power      Damage    Failure   Level
 Sandblast                Erth           0%         2d4       86%         1
 Passwall                 Tmut/Erth      0%         N/A       94%         2
 Stone Arrow              Conj/Erth      0%         3d7       99%         3
 Tukima's Dance           Hex            0%         N/A       99%         3
 Passage of Golubria      Tloc           0%         N/A       100%        4
 Yara's Violent Unravell  Hex/Tmut       0%         3d3       100%        5


Dungeon Overview and Level Annotations

Branches:
Dungeon (4/15)
 Temple: D:4-7

Altars:
Qazlal

Annotations:
D:4 Grinder


Innate Abilities, Weirdness & Mutations

You have a pair of horns on your head.
You reflexively headbutt those who attack you in melee.


Message History

The gnoll bouda hits you but does no damage.
Grinder gestures at you.
You suddenly lose the ability to move!
The gnoll bouda gazes fiercely through you!
You feel as though you will be weak longer.
You feel less invigorated.
You feel less confused. Grinder hits you but does no damage.
The gnoll bouda hits you with a +0 club.
You can move again.
You hit Grinder but do no damage.
Grinder is moderately wounded.
You hit the gnoll bouda but do no damage.
Grinder hits you.
You writhe in agony.
The gnoll bouda hits you with a +0 club.
You slash Grinder! You headbutt Grinder!
Grinder is severely wounded.
You hit the gnoll bouda.
Grinder says, "My boss said I was rubbish.
His entrails said otherwise."
Grinder blinks!
The gnoll bouda hits you with a +0 club.
The gnoll bouda hits you with a +0 club!
* * * LOW HITPOINT WARNING * * *
You see here a +0 halberd.
You barely miss the gnoll bouda.
You headbutt the gnoll bouda, but do no damage.
The gnoll bouda is severely wounded.
The gnoll bouda hits you with a +0 club.
* * * LOW HITPOINT WARNING * * *
The gnoll bouda closely misses you. You furiously retaliate!
You headbutt the gnoll bouda! You closely miss the gnoll bouda.
The gnoll bouda is almost dead.
The gnoll bouda closely misses you.
You closely miss the gnoll bouda.
The gnoll bouda is almost dead.
You hit Grinder. Grinder gestures at you. Pain shoots through your body!
You die...

#.##.###.......#..##..#
#.##..................###
#.##.#...........PP.PP...
.........<.......P$$$..#
#.##.#........##.P$$$..#
####.#........##..$$$P.#
# #.#............PPPP.#.
####.#...................
................@g.......
####.#..........5..#.....
#.###.#.#.###...# ..#.
#.# #.#.#.###...###.##
#.# #.......).........
#.# #.#.#.####..######
#.# #.#.#.# #..... #.#
#.#.### #.##### #.# #.#.#
#..


You could see Grinder and a gnoll bouda.

Vanquished Creatures
  A black bear (D:4)
  3 hounds (D:4)
  3 gnolls (D:4)
  4 adders
  2 worms
  2 dart slugs
  4 orcs
  7 endoplasms
  5 giant cockroaches
  5 goblins
  6 hobgoblins
  6 jackals
  A kobold (D:4)
  A quokka (D:3)
  A ball python (D:2)
  5 bats
  5 frilled lizards
  2 rats
63 creatures vanquished.

Vanquished Creatures (others)
  A fungus (D:4)
  4 toadstools (D:4)
5 creatures vanquished.

Grand Total: 68 creatures vanquished

Notes
Turn   | Place    | Note
-------+----------+-------------------------------------------
     0 | D:1      | Dillmonsterx101 the Minotaur Fighter began the quest for
                  | the Orb.
     0 | D:1      | Reached XP level 1. HP: 19/19 MP: 0/0
   263 | D:1      | Reached XP level 2. HP: 27/27 MP: 1/1
   399 | D:1      | Found a faded altar of an unknown god.
   692 | D:2      | Reached XP level 3. HP: 28/33 MP: 2/2
  1741 | D:3      | Reached XP level 4. HP: 33/40 MP: 3/3
  2487 | D:4      | Found a stormy altar of Qazlal.
  2511 | D:4      | Reached skill level 5 in Armour
  2511 | D:4      | Reached skill level 1 in Dodging
  2511 | D:4      | Reached XP level 5. HP: 39/46 MP: 4/4
  2779 | D:4      | Noticed a black bear
  2786 | D:4      | Killed a black bear
  2787 | D:4      | Reached skill level 5 in Axes
  2941 | D:4      | Reached XP level 6. HP: 48/53 MP: 5/5
  3125 | D:4      | Noticed Grinder
  3143 | D:4      | Paralysed by Grinder for 2 turns
  3150 | D:4      | Killed from afar by Grinder

Illustrated notes

Levels and vault maps discovered:
D:1:      lightli_arrival_boilingwater, layout_rooms,
          hellmonk_ecumenical_altar_zigzags, roderic_st_hans_cross
D:2:      layout_loops_cross, dreamdust_princess_corridor
D:3:      layout_loops_ring, kennysheep_small_spiral, minmay_misc_feat_enclosed
D:4:      layout_basic, mainiacjoe_overflow_brackets, kennysheep_little_box,
          serial_shops, nicolae_shop_bloodbath_and_beyond,
          minmay_gold_behind_fungi, uniq_grinder

Skill      XL: |  1  2  3  4  5 |
---------------+----------------+-----
Shields        | 4 |  4.4
Armour         | 4 5 |  5.2
Axes           | 3 4 5 |  5.7
Fighting       | 4 |  4.4
Dodging        | 1 |  1.2
Stealth        | |  0.2

Action                   |  1- 3 |  4- 6 || total
-------------------------+-------+-------++-------
Melee: War axe           |   104 |    79 ||   183
       Headbutt          |     9 |    12 ||    21
  Use: Potion            |       |     3 ||     3
Armor: Scale mail        |    72 |    35 ||   107
Dodge: Dodged            |    57 |    53 ||   110
Block: Buckler           |    24 |    14 ||    38
